 Dungeon Crawl Stone Soup version 0.17.1-3-g152610e (webtiles) character file.

1337 Miyamura the Shield-Bearer (level 8, -2/64 HPs)
             Began as a Formicid Fighter on Feb 29, 2016.
             Was a Follower of Cheibriados.
             Slain by an ogre
             ... wielding a +0 giant club
              (20 damage)
             ... on level 6 of the Dungeon.
             The game lasted 00:12:39 (4927 turns).

Miyamura the Shield-Bearer (Formicid Fighter)       Turns: 4927, Time: 00:12:39

Health: -2/64      AC: 15    Str: 22      XL:     8   Next: 92%
Magic:  10/10      EV:  9    Int: 12 (13) God:    Cheibriados [*.....]
Gold:   167        SH: 11    Dex: 14      Spells: 0 memorised, 7 levels left

rFire  . . .     SeeInvis +     a - +0 war axe
rCold  . . .     Clarity  .     v - +0 chain mail
rNeg   + . .     SustAt   .     c - +1 shield
rPois  .         Gourm    .     (helmet unavailable)
rElec  .         Spirit   .     (no cloak)
rCorr  .         Warding  +     (no gloves)
rMut   .         Stasis   +     i - +0 pair of boots
MR     .....                    s - amulet of warding
Stlth  ..........               (no ring)
                                (no ring)

@: very slow, not resistant to hostile enchantments, extremely unstealthy
A: permanent stasis, dig shafts and tunnels, four strong arms, antennae 3, slimy
green scales 1, thin metallic scales 1, thin skeletal structure 1, breathe
flames 1
a: Dig, Shaft Self, Bend Time, Renounce Religion, Breathe Fire


You were on level 6 of the Dungeon.
You worshipped Cheibriados.
Cheibriados was aware of your devotion.
You were not hungry.

You visited 2 branches of the dungeon, and saw 8 of its levels.

You collected 167 gold pieces.

Inventory:

Hand Weapons
 a - a +0 war axe (weapon)
 m - a +0 blowgun
Missiles
 w - 37 poisoned needles
Armour
 c - a +1 shield (worn)
 i - a +0 pair of boots (worn)
 v - a +0 chain mail (worn)
Jewellery
 q - an uncursed amulet of resist corrosion
 s - an amulet of warding (around neck)
 B - an uncursed amulet of faith
Wands
 t - a wand of slowing (22)
 x - a wand of enslavement (9)
Scrolls
 g - 3 scrolls of identify
 h - a scroll of fog
 j - 2 scrolls of enchant armour
 k - a scroll of recharging
Potions
 d - a potion of might
Comestibles
 b - a slice of pizza
 e - 3 bread rations
 f - 4 meat rations
 l - 4 chunks of flesh


   Skills:
 + Level 6.1 Fighting
 + Level 4.6 Axes
 + Level 5.8 Armour
 + Level 3.7 Dodging
 + Level 6.1 Shields
 + Level 3.0 Invocations


You had 7 spell levels left.
You didn't know any spells.

Dungeon Overview and Level Annotations

Branches:
Dungeon (7/15)             Temple (1/1) D:4

Altars:
Ashenzari
Cheibriados
Gozag
Kikubaaqudgha
Nemelex Xobeh
Qazlal
Ru
Sif Muna
Trog
Vehumet
Xom
Yredelemnul
Zin
The Shining One

Annotations:
D:7 Pikel


Innate Abilities, Weirdness & Mutations

You are under a permanent stasis effect.
You can dig through walls and to a lower floor.
Your four strong arms can wield two-handed weapons with a shield.
You have a pair of large antennae on your head (SInv).
You are partially covered in slimy green scales (AC +2).
You are partially covered in thin metallic scales (AC +2).
You have a somewhat thin skeletal structure (Dex +2, Stealth).
You can breathe flames.


Message History

Your Shields skill increases to level 6!
Your Invocations skill increases to level 3!
You barely miss the ogre.
The ogre is lightly wounded.
The ogre closely misses you.
You barely miss the ogre.
The ogre is lightly wounded.
The ogre barely misses you.
Unknown command.
You slash the ogre!
The ogre is moderately wounded.
The ogre hits you with a giant club!
* * * LOW HITPOINT WARNING * * *
You closely miss the ogre.
The ogre is moderately wounded.
You block the ogre's attack.
You hit the ogre.
The ogre is heavily wounded.
The ogre hits you with a giant club!!
You die...

#.. #.# #.# ##
#.# .. #.# .#
#.# .# .##
######.##.##....
#....>..O....#
#.######@.####
#..# #..# ...#
#.## ..# ..# ...


You could see an ogre.

Vanquished Creatures
  Grinder (D:4)
  Prince Ribbit (D:5)
  Menkaure (D:6)
  4 slaves (D:7)
  2 ogres
  The ghost of Shaaah the Shooter, an amateur HEHu (D:3)
  Blork the orc (D:5)
  A water moccasin zombie (D:3)
  A crimson imp (D:5)
  2 iguanas (D:4)
  A centaur skeleton (D:4)
  Jessica (D:3)
  Terence (D:2)
  Natasha (thrice) (D:2)
  An orc wizard (D:4)
  A worker ant (D:5)
  2 hound skeletons
  7 gnolls
  5 adders
  An ooze (D:4)
  An adder skeleton (D:4)
  2 worms
  4 giant geckos
  8 orcs
  A ball python (D:3)
  8 bats
  4 giant cockroaches
  12 goblins
  7 hobgoblins
  10 kobolds
  4 giant newts
  A quokka (D:5)
  A quokka skeleton (D:4)
  4 rats
105 creatures vanquished.

Notes
Turn   | Place    | Note
--------------------------------------------------------------
     0 | D:1      | Miyamura the Formicid Fighter began the quest for the Orb.
     0 | D:1      | Reached XP level 1. HP: 18/18 MP: 1/1
   124 | D:1      | Reached XP level 2. HP: 24/24 MP: 2/2
   205 | D:1      | Reached XP level 3. HP: 26/29 MP: 3/3
   678 | D:1      | Reached skill level 1 in Dodging
   869 | D:1      | Reached skill level 4 in Shields
  1101 | D:2      | Noticed Natasha
  1117 | D:2      | Killed Natasha
  1117 | D:2      | Reached XP level 4. HP: 35/37 MP: 4/4
  1178 | D:2      | Found an ancient bone altar of Kikubaaqudgha.
  1592 | D:2      | Noticed Natasha
  1596 | D:2      | Killed Natasha
  1602 | D:2      | Noticed Terence
  1603 | D:2      | Found a faded altar to an unknown god.
  1609 | D:2      | Killed Terence
  1609 | D:2      | Reached XP level 5. HP: 42/42 MP: 5/5
  1610 | D:2      | Noticed Natasha
  1623 | D:2      | Killed Natasha
  2080 | D:3      | Noticed Jessica
  2084 | D:3      | Killed Jessica
  2084 | D:3      | Reached XP level 6. HP: 43/48 MP: 6/6
  2367 | D:3      | Noticed Shaaah's ghost (amateur HEHu)
  2383 | D:3      | Killed Shaaah's ghost
  2384 | D:3      | Gained mutation: You can breathe flames. [potion of mutation]
  2384 | D:3      | Gained mutation: You have a somewhat thin skeletal structure (Dex +2, Stealth). [potion of mutation]
  3541 | D:4      | Found a staircase to the Ecumenical Temple.
  3552 | Temple   | Entered the Ecumenical Temple
  3570 | Temple   | Became a worshipper of Cheibriados the Contemplative
  3659 | D:4      | Reached XP level 7. HP: 53/55 MP: 7/7
  3731 | D:4      | Reached skill level 5 in Armour
  3787 | D:4      | Reached skill level 5 in Fighting
  3885 | D:4      | Reached skill level 5 in Shields
  3948 | D:4      | Gained mutation: You are partially covered in slimy green scales (AC +2). [potion of mutation]
  3948 | D:4      | Gained mutation: You are partially covered in thin metallic scales (AC +2). [potion of mutation]
  4120 | D:4      | Noticed Grinder
  4332 | D:4      | Killed Grinder
  4332 | D:4      | Reached skill level 1 in Invocations
  4332 | D:4      | Reached XP level 8. HP: 56/63 MP: 7/9
  4446 | D:5      | Entered Level 5 of the Dungeon
  4481 | D:5      | Noticed Prince Ribbit
  4502 | D:5      | Killed Prince Ribbit
  4502 | D:5      | Reached * piety under Cheibriados
  4506 | D:5      | Found a basalt altar of Yredelemnul.
  4575 | D:5      | Noticed Blork the orc
  4584 | D:5      | Killed Blork the orc
  4719 | D:5      | You fall through a shaft for 2 floors!
  4719 | D:7      | Noticed Pikel
  4914 | D:6      | Noticed Menkaure
  4923 | D:6      | Killed Menkaure
  4923 | D:6      | Reached skill level 6 in Fighting
  4927 | D:6      | Slain by an ogre

Action                   |  1- 3 |  4- 6 |  7- 9 || total
-------------------------+-------+-------+-------++-------
Melee: War axe           |    83 |   224 |   160 ||   467
 Fire: Blowgun           |       |     4 |       ||     4
 Abil: Dig               |       |       |     6 ||     6
       Shaft Self        |       |       |     1 ||     1
Evoke: Wand              |       |       |     8 ||     8
  Use: Scroll            |       |     2 |     7 ||     9
       Potion            |       |     3 |     9 ||    12
  Eat: Chunk             |     1 |     8 |     4 ||    13
       Beef jerky        |       |       |     1 ||     1
       Pizza             |       |       |     1 ||     1
